 Dungeon Crawl Stone Soup version 0.21-a0-225-g207ae17 (webtiles) character file.

18 Gorglomux the Firebug (level 2, -3/17 HPs)
             Began as a Halfling Fire Elementalist on Aug 29, 2017.
             Slain by a goblin
             ... wielding a +0 club
              (7 damage)
             ... on level 1 of the Dungeon.
             The game lasted 00:01:07 (920 turns).

Gorglomux the Firebug (Halfling Fire Elementalist)   Turns: 920, Time: 00:01:08

Health: -3/17      AC:  2    Str:  9    XL:     2   Next: 90%
Magic:  3/4        EV: 15    Int: 13    God:
Gold:   29         SH:  0    Dex: 14    Spells: 3/4 levels left

rFire    . . .     SeeInvis .   f - +0 hand axe
rCold    . . .     Gourm    .   (shield restricted)
rNeg     . . .     Faith    .   a - +0 robe
rPois    .         Spirit   .   (no helmet)
rElec    .         Reflect  .   (no cloak)
rCorr    .         Harm     .   (no gloves)
MR       .....                  (no boots)
Stlth    ++........             (no amulet)
HPRegen  0.05/turn              (no ring)
MPRegen  0.09/turn              (no ring)

@: no status effects
A: mutation resistance 1
a: no special abilities


You were on level 1 of the Dungeon.
You were not hungry.

You visited 1 branch of the dungeon, and saw 1 of its levels.

You collected 29 gold pieces.

Inventory:

Hand Weapons
 f - a +0 hand axe (weapon)
Missiles
 e - 46 stones (quivered)
 D - 20 sling bullets
Armour
 a - a +0 robe (worn)
Scrolls
 d - a scroll of remove curse
 A - a scroll of fog
 E - a scroll of enchant weapon
 R - a scroll of identify
Potions
 Q - 2 potions of curing
Books
 b - a book of Flames

   Spells                             Type                      Level
   a - Flame Tongue                   Conjuration/Fire             1
   b - Throw Flame                    Conjuration/Fire             2
   c - Conjure Flame                  Conjuration/Fire             3
   d - Inner Flame                    Hexes/Fire                   3
   e - Sticky Flame                   Conjuration/Fire             4
   f - Fireball                       Conjuration/Fire             5
Comestibles
 c - 2 bread rations
 z - a meat ration
 S - 2 chunks of flesh


   Skills:
 + Level 1.5 Armour
 + Level 2.9 Dodging
 - Level 2.1 Stealth
 - Level 1.5 Spellcasting
 - Level 0.7 Conjurations
 - Level 3.0 Fire Magic


You had 3 spell levels left.
You knew the following spells:

 Your Spells              Type           Power        Failure   Level  Hunger
a - Flame Tongue          Conj/Fire      #....        12%         1    ##.....


Dungeon Overview and Level Annotations

Branches:
Dungeon (1/15)

Altars:


Innate Abilities, Weirdness & Mutations

You are small and have problems with some larger weapons.
You are somewhat resistant to further mutation.


Message History

You closely miss the goblin!
The goblin is severely wounded!
You chop the kobold into pieces! You slice the bat like a ripe choko!
The butt completely misses you! The kobold hits you with a dagger!
The goblin hits you with a club!
The kobold hits you with a dagger! * * * don't die
* * * The goblin hits you but does butt damage!
You are too butt to fight recklessly!!!
You are too butt to fight recklessly!!!
The bat closely misses you! x2; The kobold throws a stone!
The stone closely misses you!
Casting: Flame Tongue
Confirm with ! or Enter, or press ? or * to list all spells!
Aiming: Flame Tongue
Press: ? - help, Shift-Dir - straight line, f - bat
Aim: a bat The flame tongue hits the butt!
You annihilate the bat!!!
The goblin hits you with a club!!! rip

#........##§§§§..#
#........##§§§§..#
#...#######§§§§..#
#...# #......#
###...# #......#
#.....# #.......
#.....# #.......
#.....# #.......
#..@############....
#.g†....#...........
#.K.....#...........
#.......#...........
#.......#####(......
#.......# #.......
###.....# #.......
#.....# #......#
.....# ########


You could see a goblin and a kobold.

Vanquished Creatures
  A giant cockroach (D:1)
  2 hobgoblins (D:1)
  2 jackals (D:1)
  4 bats (D:1)
  A frilled lizard (D:1)
  3 goblins (D:1)
  2 kobolds (D:1)
  3 rats (D:1)
18 creatures vanquished.

Notes
Turn   | Place    | Note
-------+----------+-------------------------------------------
     0 | D:1      | Gorglomux the Halfling Fire Elementalist began the quest for the Orb.
     0 | D:1      | Reached XP level 1. HP: 11/11 MP: 3/3
   308 | D:1      | Reached XP level 2. HP: 16/17 MP: 1/4
   620 | D:1      | Reached skill level 1 in Armour
   920 | D:1      | Slain by a goblin

Vault maps used:
D:1:      nzn_arrival_crosshair

Skill      XL: |  1  2 |
---------------+-------+-----
Armour         | 1 |  1.5
Dodging        | |  2.9
Stealth        | |  2.1
Spellcasting   | |  1.5
Conjurations   | |  0.7
Fire Magic     | |  3.0

Action                   || total
-------------------------++-------
Melee: Hand axe          ||    37
 Cast: Flame Tongue      ||    15
  Use: Scroll            ||     4
Armor: Robe              ||    11
Dodge: Dodged            ||    68

Table legend:
 A = Spawn XP
 B = Non-spawn XP
 C = Spawn XP percentage of total XP
 D = Spawn monster count
 E = Non-spawn monster count
 F = Spawn count percentage of total count
 G = Total turns spent on level
                    A         B        C        D         E        F      G
               +---------+---------+-------+---------+---------+-------+---------
         Total |       8 |      19 |  29.6 |       4 |      14 |  22.2 |   920
               +---------+---------+-------+---------+---------+-------+---------
           D:1 |       8 |      19 |  29.6 |       4 |      14 |  22.2 |   920
               +---------+---------+-------+---------+---------+-------+---------
